 Dungeon Crawl Stone Soup version 0.30-b1-2-g02819fbbbe (webtiles) character file.

Game seed: 8123471224767882508

1 sanka the Magician (level 1, -2/11 HPs)
             Began as a Deep Elf Transmuter on May 9, 2023.
             Slain by a quokka (4 damage)
             ... on level 1 of the Dungeon.
             The game lasted 00:00:07 (63 turns).

sanka the Magician (Deep Elf Transmuter)              Turns: 63, Time: 00:00:07

Health: -2/11      AC:  2    Str:  7    XL:     1   Next: 16%
Magic:  5/6        EV: 12    Int: 17    God:
Gold:   0          SH:  0    Dex: 15    Spells: 5/6 levels left

rFire   . .          .
                       - Unarmed
rCold   . . .        (no shield)
rNeg    . . .        a - +0 robe
rPois   .            (helmet currently unavailable)
rElec   .            (no cloak)
rCorr   .            (no gloves)
SInv    .            (boots currently unavailable)
Will    .....        (no amulet)
Stlth   +            (no ring)
HPRegen 0.21/turn    (no ring)
MPRegen 0.10/turn

%: no passive effects
@: appendages
A: horns 2, talons 2
a: End Transformation


You were on level 1 of the Dungeon.
You had temporarily grown beastly horns and talons.
You visited 1 branch of the dungeon, and saw 1 of its levels.

Inventory:

Armour
 a - a +0 robe (worn)
Potions
 b - a potion of lignification {!q}
 c - a potion of attraction {unknown}


   Skills:
 + Level 0.8 Fighting
 + Level 2.5 Dodging
 - Level 2.4 Unarmed Combat
 - Level 3.0 Spellcasting
 - Level 2.1 Transmutations


You had 5 spell levels left.
You knew the following spells:

 Your Spells              Type           Power      Damage    Failure   Level
a - Beastly Appendage     Tmut           20%        N/A       7%          1

Your spell library contained the following spells:

 Spells                   Type           Power      Damage    Failure   Level
 Wereblood                Tmut           10%        N/A       11%         2
 Spider Form              Tmut/Pois      6%         N/A       32%         3
 Ice Form                 Ice/Tmut       6%         N/A       73%         4


Dungeon Overview and Level Annotations

Branches:
Dungeon (1/15)

Altars:


Innate Abilities, Weirdness & Mutations

You have temporarily grown beastly horns and talons.


Message History

The red draconian roars!
The red draconian roars!
Found an escape hatch in the floor.
You open the door.
There is an escape hatch in the floor here.
You open the door.
There is an open door here.
c - a murky amethyst potion No target in view!
A quokka and a hobgoblin come into view.
Found 19 gold pieces.
There are monsters nearby!
There are monsters nearby!
The hobgoblin shouts!
You hit the hobgoblin.
The hobgoblin is severely wounded.
The hobgoblin hits you but does no damage.
You closely miss the hobgoblin.
The hobgoblin is severely wounded.
The hobgoblin closely misses you.
You hit the hobgoblin.
You kill the hobgoblin!
The quokka barely misses you.
You closely miss the quokka. The quokka misses you.
You closely miss the quokka. The quokka bites you.
You closely miss the quokka. The quokka bites you.
You closely miss the quokka. The quokka bites you.
You are too injured to fight recklessly!
You are too injured to fight recklessly!
You are too injured to fight recklessly!
You barely miss the quokka. The quokka barely misses you.
You hit the quokka.
The quokka is lightly wounded.
The quokka closely misses you. The quokka bites you.
* * * LOW HITPOINT WARNING * * *
Casting: Beastly Appendage (safe; 7% risk of failure)
Confirm with . or Enter, or press ? or * to list all spells.
You grow a pair of large bovine horns.
Your feet morph into talons.
The quokka bites you.
You die...

###.###..#
#.##...#
#....#.#
####...# ##.##
## #.# ##.##.#
####...#.######
+.....†@r.$.....
####...#.#######
##.##.# ## #.#
#.# ..# ###


You could see a quokka.

Vanquished Creatures
  A hobgoblin (D:1)
1 creature vanquished.

Notes
Turn   | Place    | Note
-------+----------+-------------------------------------------
     0 | D:1      | sanka the Deep Elf Transmuter began the quest for the Orb.
     0 | D:1      | Reached XP level 1. HP: 11/11 MP: 6/6
     0 | D:1      | Noticed a green draconian
     0 | D:1      | Noticed a shadow dragon
     1 | D:1      | Noticed a green draconian
     4 | D:1      | Noticed a shadow dragon
     6 | D:1      | Noticed a large abomination
     8 | D:1      | Noticed an iron dragon
    11 | D:1      | Noticed an iron dragon
    13 | D:1      | Noticed a shadow dragon
    13 | D:1      | Noticed a red draconian
    15 | D:1      | Noticed an iron dragon
    15 | D:1      | Noticed a green draconian
    15 | D:1      | Noticed a red draconian
    17 | D:1      | Noticed a red draconian
    17 | D:1      | Noticed a large abomination
    19 | D:1      | Noticed an orb of fire
    21 | D:1      | Noticed an orb of fire
    63 | D:1      | Slain by a quokka

Illustrated notes

Levels and vault maps discovered:
D:1:      shiori_arrival_whats_in_store_for_you, layout_loops_corners,
          grunt_decor_fettered, minmay_quantized

Action                     || total
---------------------------++-------
  Melee: Unarmed           ||     9
   Cast: Beastly Appendage ||     1
 Armour: Robe              ||     1
  Dodge: Dodged            ||     5
